 Dungeon Crawl Stone Soup version 0.29.1-15-g9cfb28693d (webtiles) character file.

Game seed: 18051985913815693896

6931 firemarshallily the Fighter (level 10, 0/86 HPs)
             Began as a Demonspawn Gladiator on Apr 17, 2023.
             Was a Follower of Qazlal.
             Killed from afar by an electric eel (8 damage)
             ... with a bolt of electricity
             ... on level 10 of the Dungeon.
             The game lasted 00:32:05 (12294 turns).

firemarshallily the Fighter (Demonspawn Gladiator) Turns: 12294, Time: 00:32:06

Health: 0/86       AC:  9    Str: 18    XL:     10   Next: 80%
Magic:  10/10      EV: 20    Int: 10    God:    Qazlal [*.....]
Gold:   154        SH:  9    Dex: 15    Spells: 9/9 levels left

rFire   . . .      SeeInvis .   a - +0 war axe (freeze)
rCold   . . .      Faith    .   q - +2 buckler
rNeg    . . .      Spirit   .   D - +0 acid dragon scales
rPois   +          Reflect  .   c - +0 helmet
rElec   .          Harm     .   (cloak unavailable)
rCorr   +          Rampage  .   (no gloves)
Will    +....                   (no boots)
Stlth   +.........              (no amulet)
HPRegen 0.24/turn               m - ring of poison resistance
MPRegen 0.12/turn               w - ring of willpower

@: mighty, agile, slowed, very slow
A: repulsion field 2, demonic guardian 1, powered by pain 1, weakness stinger 3
a: Renounce Religion


You were on level 10 of the Dungeon.
You worshipped Qazlal.
Qazlal was aware of your devotion.
You visited 2 branches of the dungeon, and saw 11 of its levels.

You collected 420 gold pieces.
You spent 266 gold pieces at shops.

Inventory:

Hand Weapons
 a - a +0 war axe of freezing (weapon)
Missiles
 d - 3 throwing nets
 f - 4 atropa-tipped darts
 z - 10 poisoned darts (quivered)
 E - a curare-tipped dart
Armour
 c - a +0 helmet (worn)
 l - the +0 leather armour of Sogoygrosa {rN+ MP+9 Int+4 Stlth+}
   (You found it on level 2 of the Dungeon)

   Int:       It affects your intelligence (+4).
   rN:        It protects you from negative energy.
   MP:        It affects your magic capacity (+9).
   Stlth:     It makes you more stealthy.
 q - a +2 buckler (worn)
 A - a +2 chain mail of cold resistance
 D - +0 acid dragon scales (worn)
Jewellery
 m - a ring of poison resistance (left hand)
 w - a ring of willpower (right hand)
Wands
 e - a wand of iceblast (12)
 y - a wand of charming (29)
 I - a wand of flame (8)
Scrolls
 b - 4 scrolls of enchant weapon {unknown}
 g - 7 scrolls of teleportation
 i - 2 scrolls of amnesia
 n - a scroll of enchant armour {unknown}
 o - 2 scrolls of butterflies
 p - 2 scrolls of magic mapping {unknown}
 r - a scroll of summoning
 s - a scroll of blinking
 v - 2 scrolls of vulnerability
 B - 2 scrolls of fear {unknown}
 H - a scroll of torment {unknown}
Potions
 h - a potion of attraction {unknown}
 j - 2 potions of invisibility
 k - a potion of flight {unknown}
 t - a potion of ambrosia {unknown}
 u - 2 potions of lignification {unknown}
 x - a potion of magic {unknown}
 C - 3 potions of haste {unknown}
 F - a potion of heal wounds
 G - a potion of might


   Skills:
 * Level 10.5 Fighting
 * Level 9.9 Axes
 - Level 1.7 Throwing
 + Level 6.5 Armour
 - Level 2.6 Dodging
 * Level 3.3 Shields


You had 9 spell levels left.
You didn't know any spells.
Your spell library contained the following spells:

 Spells                   Type           Power      Damage    Failure   Level
 Apportation              Tloc           0%         N/A       54%         1
 Sandblast                Erth           0%         2d4       54%         1
 Passwall                 Tmut/Erth      0%         N/A       67%         2
 Gell's Gravitas          Tloc           0%         N/A       88%         3
 Stone Arrow              Conj/Erth      0%         3d7       88%         3
 Teleport Other           Tloc           0%         N/A       88%         3
 Alistair's Intoxication  Tmut/Pois      0%         N/A       100%        5
 Borgnjor's Vile Clutch   Necr/Erth      0%         N/A       100%        5
 Dispersal                Tloc           0%         N/A       100%        6
 Eringya's Noxious Bog    Tmut/Pois      0%         N/A       100%        6


Dungeon Overview and Level Annotations

Branches:
Dungeon (10/15)            Temple (1/1) D:7            Lair (0/5) D:8
    Orc: D:9-12

Altars:
Ashenzari
Cheibriados
Dithmenos
Fedhas
Gozag
Hepliaklqana
Kikubaaqudgha
Makhleb
Nemelex Xobeh
Okawaru
Qazlal
Ru
Sif Muna
Trog
Uskayaw
Vehumet
Wu Jian
Xom
Yredelemnul

Shops:
D:4 =![((

Annotations:
D:8 Amaemon


Innate Abilities, Weirdness & Mutations

You are surrounded by a moderate repulsion field. (EV +3)
A weak demonic guardian rushes to your aid.
You sometimes gain a little power by taking damage.
You have a sharp stinger which inflicts weakening toxins.


Message History

An electric eel comes into view.
Your yak completely misses the kobold.
The kobold hits your two-headed ogre but does no damage.
The electric eel shoots out a bolt of lightning at you!
The bolt of electricity hits you!
Your yak barely misses the kobold.
The electric eel shoots out a bolt of lightning at you!
The bolt of electricity hits your yak! The bolt of electricity hits you.
* * * LOW HITPOINT WARNING * * *
The bolt of electricity hits your orc warrior.
Your orc warrior hits the kobold with a +0 scimitar!
The kobold dies!
Qazlal accepts your kill.
A bolt of electricity appears from out of your range of vision.
The bolt of electricity hits your yak!
The electric eel shoots out a bolt of lightning at you!
The bolt of electricity hits your yak! The bolt of electricity misses you.
The bolt of electricity hits your orc warrior!
You swap places.
The electric eel shoots out a bolt of lightning at you!
The bolt of electricity hits your yak.
Your yak dies!
Your yak's corpse dissolves into shadows!
The bolt of electricity hits your orc warrior!
The bolt of electricity hits you!
* * * LOW HITPOINT WARNING * * *
A demonic guardian appears!
An electric eel comes into view.
Items here: ( )) †.
You swap places.
The electric eel shoots out a bolt of lightning at you!
The bolt of electricity hits your two-headed ogre!
The bolt of electricity hits your orc warrior.
The bolt of electricity hits you!
* * * LOW HITPOINT WARNING * * *
You focus on the pain.
You feel agile all of a sudden.
The electric eel shoots out a bolt of lightning at you!
The bolt of electricity hits your two-headed ogre!
The bolt of electricity hits you!
You die...

#..... ~≈~ ...... ..#~SS
.####. ......~ . #.
..(.... .. ###(
.....#O#######.# #...
......Yo.#....... #.#.
......#..#...##.. #...
..<...5§o@...#..## #. ##.#
.......Y)....#...###.###.#
......##.))..#....##......
......##....#.....##......
..........#.......###.####
.......#..##.>.#......# #
...............#)###..####
.......#...##.............
...........##..#......####


You could see an electric eel (ally target), a friendly two-headed ogre
(summoned), 2 friendly yaks, a friendly orc warrior (summoned), a friendly iron
imp (summoned) and a friendly orc (summoned).

Vanquished Creatures
  Erica (D:8)
  Pikel (D:5)
  A troll (D:9)
  A shadow (D:10)
  3 yaks (D:6)
  A wraith (D:9)
  A wyvern (D:7)
  Edmund (D:4)
  An acid dragon (D:9)
  2 wargs (D:8)
  2 water moccasins (D:7)
  2 orc warriors
  2 sky beasts
  An ice beast (D:6)
  A centaur (D:9)
  A phantom (D:4)
  3 kobold brigands
  2 bullfrogs
  2 gnoll sergeants
  2 necrophages
  2 scorpions (D:6)
  4 wights (D:8)
  2 howler monkeys
  An electric eel (D:10)
  2 jellies
  Crazy Yiuf (D:5)
  6 hounds
  Ijyb (D:5)
  Jessica (D:2)
  4 iguanas (D:5)
  4 orc wizards
  22 gnolls
  8 adders
  A shadow imp (D:6)
  2 white imps
  2 ufetubi
  A worm (D:3)
  2 dart slugs
  26 orcs
  8 endoplasms
  4 giant cockroaches
  8 goblins
  6 hobgoblins
  7 jackals
  5 quokkas
  8 ball pythons
  2 bats
  3 frilled lizards
  8 kobolds
  5 rats
187 creatures vanquished.

Vanquished Creatures (collateral kills)
  Snorg (D:10)
  Grinder (D:3)
  2 wraiths (D:10)
  A yak (D:6)
  An orc priest (D:8)
  3 orc wizards (D:8)
  4 gnolls
  An orc (D:8)
  2 goblins
  6 kobolds (D:10)
22 creatures vanquished.

Vanquished Creatures (others)
  Sigmund (D:5)
  2 plants
3 creatures vanquished.

Grand Total: 212 creatures vanquished

Notes
Turn   | Place    | Note
-------+----------+-------------------------------------------
     0 | D:1      | firemarshallily the Demonspawn Gladiator began the quest
                  | for the Orb.
     0 | D:1      | Reached XP level 1. HP: 16/16 MP: 1/1
   347 | D:1      | Gained mutation: A weak demonic guardian rushes to your
                  | aid. [demonic ancestry]
   347 | D:1      | Reached XP level 2. HP: 20/23 MP: 2/2
   406 | D:1      | Found a faded altar of an unknown god.
  1149 | D:2      | Identified the +0 leather armour of Sogoygrosa {rN+ MP+9
                  | Int+4 Stlth+}
  1258 | D:2      | Gained mutation: You are surrounded by a mild repulsion
                  | field. (EV +2) [demonic ancestry]
  1258 | D:2      | Reached XP level 3. HP: 28/28 MP: 3/3
  1370 | D:2      | Noticed Jessica
  1421 | D:2      | Killed Jessica
  1422 | D:2      | Reached skill level 3 in Fighting
  1422 | D:2      | Reached skill level 1 in Armour
  1972 | D:2      | Gained mutation: You have a small tail. [demonic ancestry]
  1972 | D:2      | Reached XP level 4. HP: 35/35 MP: 4/4
  2591 | D:3      | Noticed Grinder
  2599 | D:3      | Killed Grinder
  2600 | D:3      | Reached skill level 4 in Fighting
  2600 | D:3      | Reached XP level 5. HP: 30/42 MP: 5/5
  2602 | D:3      | Gained mutation: You sometimes gain a little power by
                  | taking damage. [demonic ancestry]
  2602 | D:3      | Reached XP level 6. HP: 34/48 MP: 6/6
  3460 | D:4      | Found Zinujigh's Antique Weapon Emporium.
  3787 | D:4      | Found Ruceof's Weapon Shop.
  3814 | D:4      | Bought 5 poisoned darts for 28 gold pieces
  3818 | D:4      | Found Fiylel's Antique Armour Boutique.
  3883 | D:4      | Noticed Edmund
  3928 | D:4      | Killed Edmund
  3929 | D:4      | Reached skill level 5 in Fighting
  3929 | D:4      | Reached skill level 5 in Axes
  3929 | D:4      | Gained mutation: You are surrounded by a moderate repulsion
                  | field. (EV +3) [demonic ancestry]
  3929 | D:4      | Reached XP level 7. HP: 33/56 MP: 7/7
  4178 | D:4      | Found Opnoaqea's Distillery.
  4249 | D:4      | Bought a potion of berserk rage for 70 gold pieces
  4249 | D:4      | Bought a potion of curing for 42 gold pieces
  4338 | D:4      | Found Dij Pemp's Jewellery Emporium.
  4927 | D:5      | Entered Level 5 of the Dungeon
  4945 | D:5      | Noticed Ijyb
  4954 | D:5      | Killed Ijyb
  5129 | D:5      | Noticed Pikel
  5142 | D:5      | Killed Pikel
  5143 | D:5      | Reached skill level 6 in Fighting
  5143 | D:5      | Gained mutation: You have a tail ending in a sharp stinger.
                  | [demonic ancestry]
  5143 | D:5      | Reached XP level 8. HP: 39/65 MP: 8/8
  5429 | D:5      | Noticed Sigmund
  5457 | D:5      | Killed Sigmund
  5458 | D:5      | Reached skill level 7 in Fighting
  5696 | D:5      | Found a burning altar of Makhleb.
  6187 | D:5      | Found a runed translucent door.
  6188 | D:5      | Noticed Crazy Yiuf
  6397 | D:5      | Killed Crazy Yiuf
  7016 | D:6      | Gained mutation: You have a sharp stinger which inflicts
                  | weakening toxins. [demonic ancestry]
  7016 | D:6      | Reached XP level 9. HP: 73/73 MP: 9/9
  7222 | D:6      | Reached skill level 8 in Fighting
  7229 | D:6      | Reached skill level 5 in Armour
  7874 | D:4      | Bought a potion of heal wounds for 70 gold pieces
  7874 | D:4      | Bought a potion of might for 56 gold pieces
  8182 | D:7      | Found an ornate altar of the Wu Jian Council.
  8283 | D:7      | Found a staircase to the Ecumenical Temple.
  8366 | Temple   | Entered the Ecumenical Temple
  8604 | Temple   | Became a worshipper of Qazlal Stormbringer
  8906 | D:8      | Noticed Erica
  8922 | D:8      | Killed Erica
  8923 | D:8      | Reached skill level 9 in Fighting
  9175 | D:8      | Found a staircase to the Lair.
  9318 | D:8      | Reached XP level 10. HP: 83/83 MP: 10/10
  9352 | D:8      | HP: 2/83 [something/magic dart (7)]
 10673 | D:8      | Noticed Amaemon
 10675 | D:8      | Noticed an orange demon
 10830 | D:9      | Found a broken altar of Ashenzari.
 11074 | D:9      | Reached skill level 1 in Shields
 11315 | D:9      | Found a radiant altar of Vehumet.
 11400 | D:9      | Reached skill level 10 in Fighting
 11559 | D:9      | Reached * piety under Qazlal
 11864 | D:10     | Entered Level 10 of the Dungeon
 12275 | D:10     | Noticed Snorg
 12287 | D:10     | Killed Snorg
 12294 | D:10     | Killed from afar by an electric eel

Illustrated notes

Levels and vault maps discovered:
D:1:      minmay_arrival_shattered_statue, layout_basic,
          nicolae_ecumenical_lake_church
D:2:      layout_loops_corners, uniq_jessica
D:3:      layout_loops_ring, uniq_grinder
D:4:      layout_basic, serial_shops, shop, nicolae_shop_overgrown_old_shop,
          shop, nicolae_stop_n_shop_1, nicolae_inconvenience_store, uniq_edmund
D:5:      layout_rooms, mainiacjoe_overflow_small_starburst, uniq_ijyb,
          uniq_sigmund, uniq_crazy_yiuf_cottage, uniq_pikel
D:6:      layout_basic
D:7:      layout_cave_pools, nzn_wu_jian_contemplation,
          minmay_temple_entry_poolview
D:8:      layout_basic, erik_lair_orcish_takeover, serial_rivers,
          chequers_serial_rivers_micro_b, chequers_serial_rivers_marsh,
          chequers_serial_rivers_room_b, chequers_serial_rivers_small_3,
          serial_bayou_pond_a, uniq_amaemon, uniq_erica
D:9:      layout_irregular_city, mainiacjoe_overflow_24_doors,
          nicolae_vehumet_altar_sigil
D:10:     nzn_motion_control, layout_basic, uniq_snorg
Temple:   mainiacjoe_temple_bowtie_tessellation

Skill      XL: |  1  2  3  4  5  6  7  8  9 10 |
---------------+-------------------------------+-----
Axes           | 3 4 5 6 7 8 9 |  9.9
Fighting       | 3 4 5 6 7 9 10 | 10.5
Armour         | 1 2 3 4 5 6 |  6.5
Shields        | 3 |  3.3
Throwing       | |  1.7
Dodging        | |  2.6

Action                   |  1- 3 |  4- 6 |  7- 9 | 10-12 || total
-------------------------+-------+-------+-------+-------++-------
Melee: War axe           |    88 |   126 |   254 |   167 ||   635
       Tailslap          |       |    16 |    43 |    32 ||    91
       Punch             |       |     2 |     5 |     2 ||     9
Throw: Throwing net      |       |     2 |       |       ||     2
       Dart              |       |     5 |    15 |     4 ||    24
       Javelin           |       |     1 |       |       ||     1
       Boomerang         |       |       |       |     1 ||     1
  Use: Scroll            |       |     3 |     8 |     2 ||    13
       Potion            |       |     1 |     3 |     1 ||     5
 Stab: Sleeping          |     1 |     6 |    10 |       ||    17
       Held in net/web   |       |     1 |       |       ||     1
       Invisible         |       |     1 |       |       ||     1
       Distracted        |       |       |     3 |       ||     3
Armor: Leather armour    |    32 |    17 |    35 |    33 ||   117
       Acid dragon scale |       |       |       |     8 ||     8
Dodge: Dodged            |    89 |    95 |   205 |   109 ||   498
Block: Buckler           |       |       |       |    39 ||    39
